 Dungeon Crawl Stone Soup version 0.25.0-9-g26727b657a (webtiles) character file.

Game seed: 8164663443291709058

2643 MajorAdolf the Skirmisher (level 9, -2/85 HPs)
             Began as a Naga Wanderer on June 20, 2020.
             Killed from afar by Harold (16 damage)
             ... with a harpoon shot
             ... on level 7 of the Dungeon.
             The game lasted 00:16:56 (9509 turns).

MajorAdolf the Skirmisher (Naga Wanderer)           Turns: 9509, Time: 00:16:57

Health: -2/85      AC: 10    Str: 18    XL:     9   Next: 62%
Magic:  9/9        EV: 14    Int: 12    God:
Gold:   304        SH:  0    Dex: 11    Spells: 8/8 levels left

rFire    . . .     SeeInvis +   i - +3 dagger (venom)
rCold    . . .     Gourm    .   (no shield)
rNeg     + . .     Faith    .   b - +0 ring mail
rPois    +         Spirit   .   (no helmet)
rElec    .         Reflect  .   F - +0 cloak
rCorr    .         Harm     .   w - +1 pair of gloves
MR       ++++.     Clarity  +   (no barding)
Stlth    +.........             e - amulet of the Four Winds {rN+ MR+++ Clar}
HPRegen  0.24/turn              (no ring)
MPRegen  0.11/turn              s - +4 ring of evasion

@: very slow
A: large, see invisible, deformed body, poison resistance, slowness 2, slow
metabolism 1, spit poison 1, AC +3
a: Spit Poison


You were on level 7 of the Dungeon.
You were not hungry.

You visited 2 branches of the dungeon, and saw 8 of its levels.
You also visited: Sewer.

You collected 304 gold pieces.

Inventory:

Hand Weapons
 a - a +2 hand axe
 f - a +3 short sword of draining
 i - a +3 dagger of venom (weapon)
 j - a +1 dire flail of holy wrath
Missiles
 D - a throwing net (quivered)
Armour
 b - a +0 ring mail (worn)
 w - a +1 pair of gloves (worn)
 F - a +0 cloak (worn)
Jewellery
 e - the amulet of the Four Winds (around neck) {rN+ MR+++ Clar}
   (You found it on level 4 of the Dungeon)

   [amulet of nothing]

   It protects you from negative energy.
   It affects your resistance to hostile enchantments.
   It protects you against confusion.
 l - the ring of Ublusyva {rPois rC- Int+3 Dex+7 SInv}
   (You found it on level 5 of the Dungeon)

   [ring of see invisible]

   It affects your intelligence (+3).
   It affects your dexterity (+7).
   It makes you vulnerable to cold.
   It protects you from poison.
   It lets you see invisible.
 s - a +4 ring of evasion (right hand)
 y - an uncursed ring of protection from fire {unknown}
 C - an uncursed ring of see invisible {unknown}
Wands
 z - a wand of polymorph (2)
 A - a wand of random effects (14)
Scrolls
 h - a scroll of random uselessness
 m - a scroll of teleportation
 r - 4 scrolls of remove curse
 t - a scroll of enchant armour
 u - 3 scrolls of blinking {unknown}
 v - 2 scrolls of enchant weapon {unknown}
 B - a scroll of fear {unknown}
 E - a scroll of identify
 G - a scroll of immolation {unknown}
Potions
 c - 3 potions of curing
 g - 2 potions of stabbing
 k - 4 potions of flight
 n - a potion of resistance {unknown}
 o - a potion of ambrosia {unknown}
 p - a potion of lignification {unknown}
 q - 4 potions of brilliance {unknown}
 x - a potion of cancellation {unknown}
Comestibles
 d - 13 rations
 H - 8 chunks of flesh


   Skills:
 + Level 6.5 Fighting
 + Level 6.3(6.7) Axes
 - Level 3.0(5.0) Maces & Flails
 - Level 1.0 Throwing
 + Level 5.8 Armour
 + Level 5.1 Dodging
 - Level 1.5 Stealth


You had 8 spell levels left.
You didn't know any spells.
Your spell library contained the following spells:

 Spells                   Type           Power        Failure   Level  Hunger
 Corona                   Hex            #......      50%         1    ##.....
 Magic Dart               Conj           #...         50%         1    ##.....
 Blink                    Tloc           N/A          63%         2    ###....
 Call Imp                 Summ           #.......     63%         2    ###....
 Ensorcelled Hibernation  Hex/Ice        #.....       63%         2    ###....
 Slow                     Hex            #.......     63%         2    ###....
 Confusing Touch          Hex            #.......     86%         3    ####...
 Conjure Flame            Conj/Fire      #.......     86%         3    ####...
 Dazzling Flash           Conj/Hex       #.....       86%         3    ####...
 Mephitic Cloud           Conj/Pois/Air  #.......     86%         3    ####...
 Tukima's Dance           Hex            #.......     86%         3    ####...


Dungeon Overview and Level Annotations

Branches:
Dungeon (7/15)             Temple (1/1) D:5           Sewer (visited)

Altars:
Ashenzari
Cheibriados
Elyvilon
Hepliaklqana
Kikubaaqudgha
Okawaru
Qazlal
Ru
Sif Muna
Trog
Uskayaw
Wu Jian
Xom
Yredelemnul
Zin
The Shining One

Shops:
D:5 (

Annotations:
D:3 2 transporters, Skimidon's ghost, amateur MiBe
D:5 Menkaure
D:6 1 runed translucent door, Crazy Yiuf
D:7 Harold


Innate Abilities, Weirdness & Mutations

You cannot wear boots.
Your serpentine skin is tough. (AC +3)
You have supernaturally acute eyesight. (SInv)
Armour fits poorly on your strangely shaped body.
Your system is resistant to poisons. (rPois)
You cover ground very slowly.
You have a slow metabolism.
You can spit poison.


Message History

Harold says, "I was hoping my final job would be more of a challenge, but money is money."
The shadow imp closely misses you.
You struggle against the net.
Harold barely misses you.
The shadow imp shouts, "Accept thy failure, thou bawdy sow-suckled snaffler!"
The shadow imp hits you.
* * * LOW HITPOINT WARNING * * *
You struggle against the net.
Harold closely misses you. The shadow imp barely misses you.
You struggle against the net.
Harold hits you but does no damage. The shadow imp hits you.
* * * LOW HITPOINT WARNING * * *
You shred the net and break free! Harold hits you with a +0 hand axe.
* * * LOW HITPOINT WARNING * * *
The shadow imp hits you but does no damage.
Unknown command.
Harold throws a throwing net.
The throwing net closely misses you.
You see here a throwing net.
Harold fires a harpoon shot at you. The harpoon shot hits you!
You die...

####### ######
......# #....#
......# #....#
......# #....#
......# #....#
......#
..#####....##......#
.........@..@.......
###..5(##......#
#######....# #######
........####
###########.######
...................
....[..#....#######
#..#####.#### ##.#
#.#


You could see Harold (very poisoned) and a shadow imp.

Vanquished Creatures
  Grinder (D:5)
  A hippogriff (D:7)
  Eustachio (D:6)
  Edmund (D:4)
  Duvessa (D:4)
  4 ice beasts
  A sky beast (D:6)
  A phantom (D:6)
  A necrophage (D:7)
  2 centaurs
  2 bullfrogs (Sewer)
  Dowan (D:4)
  2 howler monkeys
  3 hounds
  A centaur skeleton (D:6)
  2 jellies
  4 orc wizards
  2 bullfrog skeletons
  2 iguanas
  7 worker ants
  4 gnolls (D:6)
  7 adders
  5 oozes
  An adder zombie (D:5)
  7 worms
  20 leopard geckos
  17 orcs
  6 bats
  6 giant cockroaches
  4 goblins
  6 hobgoblins
  2 jackals (D:2)
  5 quokkas
  10 ball pythons
  16 frilled lizards
  A jackal skeleton (D:6)
  6 kobolds
  A leopard gecko skeleton (D:5)
  2 leopard gecko zombies (D:5)
  6 rats
172 creatures vanquished.

Vanquished Creatures (others)
  An orc priest (D:3)
  An orc wizard (D:5)
  A rat (D:3)
3 creatures vanquished.

Grand Total: 175 creatures vanquished

Notes
Turn   | Place    | Note
-------+----------+-------------------------------------------
     0 | D:1      | MajorAdolf the Naga Wanderer began the quest for the Orb.
     0 | D:1      | MajorAdolf set off with the following items: a +2 hand axe,
                  | a +0 ring mail, a potion of curing, a ration
     0 | D:1      | Reached XP level 1. HP: 18/18 MP: 1/1
   268 | D:1      | Reached XP level 2. HP: 26/26 MP: 2/2
  1275 | D:2      | Reached XP level 3. HP: 29/32 MP: 3/3
  1722 | D:2      | Reached skill level 1 in Dodging
  2112 | D:3      | Reached XP level 4. HP: 39/39 MP: 4/4
  2550 | D:3      | Found a stormy altar of Qazlal.
  2967 | D:3      | Found a shattered altar of Ashenzari.
  2967 | D:3      | Found a glowing silver altar of Zin.
  3281 | D:3      | Noticed Skimidon's ghost (amateur MiBe)
  3283 | D:3      | Found a transporter.
  3291 | D:3      | Found a transporter.
  3355 | D:3      | Found a white marble altar of Elyvilon.
  3598 | D:3      | Reached XP level 5. HP: 34/48 MP: 5/5
  3782 | D:4      | Noticed an ice beast
  3948 | D:4      | Found a glowing drain.
  3952 | Sewer    | Entered a sewer
  3960 | Sewer    | Reached XP level 6. HP: 53/56 MP: 6/6
  4309 | Sewer    | Reached XP level 7. HP: 39/63 MP: 7/7
  4770 | D:4      | Found the amulet of the Four Winds {rN+ MR+++ Clar}
  4813 | D:4      | Noticed a moth of wrath
  4816 | D:4      | Found a bloodstained altar of Trog.
  5372 | D:4      | Noticed Duvessa
  5401 | D:4      | Killed Duvessa
  5413 | D:4      | Noticed Dowan
  5664 | D:4      | Killed Dowan
  5798 | D:4      | Noticed Edmund
  5816 | D:4      | Killed Edmund
  5816 | D:4      | Reached XP level 8. HP: 57/73 MP: 8/8
  6328 | D:5      | Entered Level 5 of the Dungeon
  6375 | D:5      | Noticed Grinder
  6377 | D:5      | Noticed Menkaure
  6629 | D:5      | Got a faintly glowing brass ring
  6636 | D:5      | Identified the ring of Ublusyva {rPois rC- Int+3 Dex+7
                  | SInv} (You found it on level 5 of the Dungeon)
  6649 | D:5      | Found a staircase to the Ecumenical Temple.
  6685 | Temple   | Entered the Ecumenical Temple
  6918 | D:5      | Found Bes Souk's Antique Weapon Boutique.
  6951 | D:5      | Found an iron altar of Okawaru.
  7084 | D:5      | Reached skill level 5 in Fighting
  7582 | D:5      | Killed Grinder
  7582 | D:5      | Reached skill level 5 in Axes
  7650 | D:6      | Reached skill level 5 in Armour
  7873 | D:6      | Reached XP level 9. HP: 74/82 MP: 9/9
  7912 | D:6      | Noticed Eustachio
  8215 | D:6      | Killed Eustachio
  8871 | D:6      | Found a shimmering altar of Xom.
  8978 | D:6      | Found a runed translucent door.
  8979 | D:6      | Noticed Crazy Yiuf
  9280 | D:7      | Reached skill level 5 in Dodging
  9481 | D:7      | Noticed Harold
  9509 | D:7      | Killed from afar by Harold

Illustrated notes

Levels and vault maps discovered:
D:1:      kilobyte_arrival_exit_the_forest, layout_basic
D:2:      layout_loops_cross, first_ration
D:3:      layout_basic, overflow_temple_1_default, elyvilon_altar_4,
          grunt_temple_overflow_open, gammafunk_ghost_arena, lemuel_old_faithful
D:4:      layout_loops_corners, tgw_trog, portal_sewer_entry_e, minivault_11,
          uniq_duvessa, uniq_edmund
D:5:      layout_rooms, lemuel_round_altar, minmay_temple_entry_sparse_star,
          serial_shops, shop, uniq_grinder, uniq_menkaure
D:6:      layout_loops_cross, overflow_temple_1_default, serial_glass,
          glass_columns_c, glass_columns_a, uniq_crazy_yiuf_cottage,
          uniq_eustachio
D:7:      layout_basic, lemuel_coloured_pillars_altar, kennysheep_little_box,
          grunt_ogre_cave, uniq_harold
Temple:   jpeg_temple_island

Skill      XL: |  1  2  3  4  5  6  7  8  9 |
---------------+----------------------------+-----
Fighting       | 2 3 4 5 6 |  6.5
Dodging        | 1 2 3 4 5 |  5.1
Axes           | 2 3 4 5 6 |  6.3
Armour         | 3 4 5 |  5.8
Maces & Flails | |  3.0
Throwing       | |  1.0
Stealth        | |  1.5

Action                   |  1- 3 |  4- 6 |  7- 9 || total
-------------------------+-------+-------+-------++-------
Melee: Hand axe          |   104 |   168 |    91 ||   363
       Short sword       |       |    36 |   159 ||   195
       Dagger            |       |       |   120 ||   120
       Dire flail        |       |       |    13 ||    13
Throw: Throwing net      |       |       |     2 ||     2
 Abil: Spit Poison       |     2 |     8 |     2 ||    12
  Use: Scroll            |       |    11 |     2 ||    13
       Potion            |       |     2 |     3 ||     5
  Eat: Chunk             |     3 |     6 |    11 ||    20
       Ration            |       |       |     1 ||     1
Armor: Ring mail         |    47 |    80 |   163 ||   290
Dodge: Dodged            |    57 |   113 |   292 ||   462
